 Dungeon Crawl Stone Soup version 0.31-a0-217-g58bb5d79cf (webtiles) character file.

Game seed: 14049226209838219026

35 qw the Shooter (level 3, -22/29 HPs)
             Began as a Minotaur Hexslinger on July 2, 2023.
             Annihilated by an ogre
             ... wielding a +0 giant club
              (32 damage)
             ... on level 3 of the Dungeon.
             The game lasted 00:00:23 (1596 turns).

qw the Shooter (Minotaur Hexslinger)                Turns: 1596, Time: 00:00:24

Health: -22/29     AC:  3    Str: 12    XL:     3   Next: 16%
Magic:  3/3        EV: 12    Int: 10    God:
Gold:   80         SH:  0    Dex: 14    Spells: 3/4 levels left

rFire   + . .        Y - +1 sling
rCold   . . .        (no shield)
rNeg    . . .        i - +0 leather armour
rPois   .            (helmet restricted)
rElec   .            (no cloak)
rCorr   .            (no gloves)
SInv    .            (no boots)
Will    .....        (no amulet)
Stlth   +            h - ring of protection from fire
HPRegen 0.24/turn    (no ring)
MPRegen 0.08/turn

%: no passive effects
@: no status effects
A: horns 2, retaliatory headbutt
a: no special abilities


You were on level 3 of the Dungeon.
You visited 1 branch of the dungeon, and saw 3 of its levels.

You collected 80 gold pieces.


Innate Abilities, Weirdness & Mutations

You have a pair of horns on your head.
You reflexively headbutt those who attack you in melee.


   Skills:
 - Level 2.0 Fighting
 + Level 3.7 Ranged Weapons
 - Level 2.1 Dodging
 - Level 1.0 Spellcasting
 - Level 2.0 Hexes


You had 3 spell levels left.
You knew the following spells:

 Your Spells              Type           Power      Damage    Failure   Level
a - Slow                  Hex            16%        N/A       19%         1

Your spell library contained the following spells:

 Spells                   Type           Power      Damage    Failure   Level
 Inner Flame              Hex/Fire       2%         N/A       65%         3
 Portal Projectile        Hex/Tloc       4%         N/A       65%         3
 Cause Fear               Hex            2%         N/A       88%         4

Inventory:

Hand Weapons
 Y - a +1 sling (weapon)
Armour
 i - a +0 leather armour (worn)
Jewellery
 h - a ring of protection from fire (left hand)
Scrolls
 g - a scroll of identify
Potions
 a - a potion of attraction {unknown}
 b - a potion of enlightenment {unknown}
 c - a potion of berserk rage {unknown}
 e - a potion of magic {unknown}
 f - a potion of heal wounds {unknown}
 j - a potion of brilliance {unknown}
 k - a potion of cancellation {unknown}
 m - a potion of ambrosia {unknown}

Dungeon Overview and Level Annotations

Branches:
Dungeon (3/15)

Altars:
Xom

Annotations:
D:2 1 runed translucent door, Crazy Yiuf
D:3 2 runed translucent doors


Message History

Found 8 stones, a metallic ruby potion and a quarterstaff.
Found a shimmering altar of Xom.
There is a stone staircase leading up here.
A rat is nearby!
Waypoint 2 assigned to D:3.
You shoot a sling bullet. The sling bullet hits the rat.
You kill the rat!
The kobold shouts!
You hear a shout!
c - a metallic ruby potion You now have 80 gold pieces (gained 12).
The kobold shouts!
You hear a shout!
Found 6 stones.
You see here 6 stones.
An ogre comes into view. It is wielding a +0 giant club.
The ogre shouts!
You shoot a sling bullet. The sling bullet hits the ogre.
The ogre is moderately wounded.
You shoot a sling bullet.
The sling bullet barely misses the ogre.
You shoot a sling bullet.
The sling bullet hits the ogre but does no damage.
The ogre is moderately wounded.
The ogre hits you with a +0 giant club!!
Ouch! That really hurt!
You shoot a sling bullet.
The sling bullet hits the ogre but does no damage.
The ogre is moderately wounded.
The ogre barely misses you. You furiously retaliate!
You headbutt the ogre, but do no damage.
You shoot a sling bullet. The sling bullet hits the ogre.
The ogre is moderately wounded.
The ogre misses you.
You shoot a sling bullet. The sling bullet hits the ogre.
The ogre is heavily wounded.
The ogre barely misses you.
You shoot a sling bullet. The sling bullet hits the ogre.
The ogre is heavily wounded.
The ogre hits you with a +0 giant club!!
Ouch! That really hurt!
You die...

.....)#
#¤¤.#.###.#
##...##.(.
¤¤¤?#..##.##
#<..+...K.
#¤¤.#......#
#...+KK...
##.#######.#
....###... ##
#.# ###.## .#
#.# #%#
.####### #.#
#.. #...O.#
#.# ###
###@#####.#
#...(.....#
#....#.#######
#......#
...###### ##


You could see an ogre.

Vanquished Creatures
  An adder (D:2)
  A dart slug (D:2)
  2 bats (D:2)
  2 endoplasms (D:2)
  A giant cockroach (D:1)
  2 goblins (D:2)
  3 hobgoblins
  2 kobolds
  A quokka (D:1)
  3 ball pythons (D:1)
  3 frilled lizards
  A rat (D:3)
22 creatures vanquished.

Notes
Turn   | Place    | Note
-------+----------+-------------------------------------------
     0 | D:1      | qw the Minotaur Hexslinger began the quest for the Orb.
     0 | D:1      | Reached XP level 1. HP: 16/16 MP: 1/1
     0 | D:1      | 0 ||| qw: Version: 0.3-a-40-ge99b1a8
     0 | D:1      | 0 ||| qw: Game counter: 119
     0 | D:1      | 0 ||| qw: Melee chars always use a shield: true
     0 | D:1      | 0 ||| qw: God list: Okawaru
     0 | D:1      | 0 ||| qw: Allow faded altars: false
     0 | D:1      | 0 ||| qw: Do Orc after clearing Dungeon:15 true
     0 | D:1      | 0 ||| qw: Do second Lair branch before Depths: true
     0 | D:1      | 0 ||| qw: Lair rune preference: random
     0 | D:1      | 0 ||| qw: Goals: Normal
     0 | D:1      | 0 ||| PLANNING D:1-11
   189 | D:1      | Found a faded altar of an unknown god.
   212 | D:1      | Reached skill level 3 in Ranged Weapons
   254 | D:1      | Reached XP level 2. HP: 23/23 MP: 2/2
   575 | D:1      | 575 ||| READING scroll labelled ONOP MASCHIDDUA.
   576 | D:1      | 576 ||| READING scroll labelled YMUQEBOZOT.
   577 | D:1      | 577 ||| READING scroll labelled LAMOAMOESK.
   578 | D:1      | 578 ||| DROPPING scroll of poison.
   889 | D:2      | Found a runed translucent door.
   890 | D:2      | Noticed Crazy Yiuf
  1112 | D:2      | Reached XP level 3. HP: 25/29 MP: 3/3
  1398 | D:2      | 1398 ||| UPGRADING to +0 leather armour.
  1408 | D:2      | 1408 ||| DROPPING +0 robe.
  1409 | D:2      | 1409 ||| UPGRADING to ring of protection from fire.
  1410 | D:2      | 1410 ||| READING scroll labelled JILLAG BIASIO.
  1411 | D:2      | 1411 ||| READING scroll labelled TAJ KADAMI.
  1512 | D:3      | Found a large runed translucent door.
  1512 | D:3      | Found a shimmering altar of Xom.
  1512 | D:3      | Found a large runed translucent door.
  1589 | D:3      | Noticed an ogre
  1596 | D:3      | Annihilated by an ogre

Levels and vault maps discovered:
D:1:      dpeg_arrival_rooms_a, layout_loops_ring,
          nicolae_ecumenical_snake_handling
D:2:      layout_loops_ring, uniq_crazy_yiuf_cottage
D:3:      due_chaos_kobolds, layout_loops_cross, gammafunk_ghost_nasty_kobolds,
          uniq_ijyb, uniq_sigmund

Skill      XL: |  1  2 |
---------------+-------+-----
Ranged Weapons | 3 |  3.7
Fighting       | 2 |  2.0
Dodging        | |  2.1
Spellcasting   | |  1.0
Hexes          | |  2.0

Action                     || total
---------------------------++-------
   Fire: Sling             ||    74
    Use: Scroll            ||     5
 Armour: Robe              ||     9
  Dodge: Dodged            ||    26

Table legend:
 A = Non-vault XP
 B = Vault XP
 C = Vault XP percentage of total XP
 D = Non-vault monster count
 E = Vault monster count
 F = Vault count percentage of total count
                 A         B        C        D         E       F
            +---------+---------+-------+---------+---------+-------
      Total |      47 |       3 |   6.0 |      20 |       2 |   9.1
            +---------+---------+-------+---------+---------+-------
        D:1 |      11 |       3 |  21.4 |       7 |       2 |  22.2
        D:2 |      35 |       0 |   0.0 |      12 |       0 |   0.0
        D:3 |       1 |       0 |   0.0 |       1 |       0 |   0.0
            +---------+---------+-------+---------+---------+-------
